 Dungeon Crawl Stone Soup version 0.21.1-1-g345015fe64 (webtiles) character file.

61 Ivernyr the Charmwright (level 3, 0/27 HPs)
             Began as a Demonspawn Skald on May 10, 2018.
             Killed from afar by a dart slug (4 damage)
             ... with a slug dart
             ... on level 2 of the Dungeon.
             The game lasted 00:03:20 (1788 turns).

Ivernyr the Charmwright (Demonspawn Skald)          Turns: 1788, Time: 00:03:21

Health: 0/27       AC:  4    Str: 16    XL:     3   Next: 83%
Magic:  1/6        EV: 12    Int: 14    God:
Gold:   63         SH:  0    Dex: 13    Spells: 1/6 levels left

rFire    . . .     SeeInvis .   a - +0 falchion
rCold    . . .     Gourm    .   (no shield)
rNeg     . . .     Faith    .   b - +0 leather armour
rPois    .         Spirit   .   (no helmet)
rElec    .         Reflect  .   (no cloak)
rCorr    .         Harm     .   l - +0 pair of gloves
MR       .....                  (no boots)
Stlth    +.........             (no amulet)
HPRegen  0.09/turn              (no ring)
MPRegen  0.10/turn              (no ring)

@: mighty
A: demonic guardian 1, powered by pain 1
a: no special abilities


You were on level 2 of the Dungeon.
You were not hungry.

You visited 1 branch of the dungeon, and saw 2 of its levels.

You collected 63 gold pieces.

Inventory:

Hand Weapons
 a - a +0 falchion (weapon)
Armour
 b - a +0 leather armour (worn)
 l - a +0 pair of gloves (worn)
Scrolls
 e - a scroll of remove curse {unknown}
 f - a scroll of identify {unknown}
 g - a scroll of random uselessness {unknown}
 h - a scroll of immolation {unknown}
 k - a scroll of enchant armour {unknown}
Potions
 i - a potion of magic {unknown}
 j - a potion of flight {unknown}
 n - 2 potions of degeneration {unknown}
Books
 c - a book of Battle

   Spells                             Type                      Level
   a - Infusion                       Charms                       1
   b - Shroud of Golubria             Charms/Translocation         2
   c - Song of Slaying                Charms                       2
   d - Spectral Weapon                Hexes/Charms                 3
   e - Regeneration                   Charms/Necromancy            3
Comestibles
 d - 5 rations
 m - a chunk of flesh


   Skills:
 - Level 2.0 Fighting
 + Level 2.4 Long Blades
 * Level 2.4 Armour
 - Level 1.7 Dodging
 - Level 2.0 Spellcasting
 + Level 3.1 Charms


You had one spell level left.
You knew the following spells:

 Your Spells              Type           Power        Failure   Level  Hunger
a - Shroud of Golubria    Chrm/Tloc      #.........   22%         2    ###....
b - Song of Slaying       Chrm           ##......     12%         2    ###....
c - Infusion              Chrm           ##..         8%          1    ##.....


Dungeon Overview and Level Annotations

Branches:
Dungeon (2/15)

Altars:


Innate Abilities, Weirdness & Mutations

A weak demonic guardian rushes to your aid.
You sometimes gain a little power by taking damage.


Message History

The worm is moderately wounded.
You barely miss the worm.
The worm is moderately wounded.
The worm bites you!
You focus on the pain.
You feel very mighty all of a sudden.
Your shroud falls apart!
Casting: Shroud of Golubria
Confirm with . or Enter, or press ? or * to list all spells.
Space distorts slightly along a thin shroud covering your body.
The worm barely misses you.
You slash the worm!
The worm is heavily wounded.
The worm bites you!
* * * LOW HITPOINT WARNING * * *
Your shroud falls apart!
You slash the worm!
You kill the worm!
The dart slug launches a dart at you. The slug dart hits you!
You die...

#....##
###...####
#(......+
######...####
#........#
#.#####..#
####..#
#.....#
#@###.# #†#
#.####
#.##w##......
#.....$..##
##.#......w.#
#.#.##.###w#
# #.. .# #.#
# #.#


You could see a dart slug.

Vanquished Creatures
  An adder (D:2)
  2 worms (D:2)
  2 dart slugs (D:1)
  2 leopard geckos (D:1)
  3 bats
  4 giant cockroaches (D:1)
  6 goblins
  7 hobgoblins
  3 kobolds (D:1)
  2 frilled lizards
  5 rats
37 creatures vanquished.

Notes
Turn   | Place    | Note
-------+----------+-------------------------------------------
     0 | D:1      | Ivernyr the Demonspawn Skald began the quest for the Orb.
     0 | D:1      | Reached XP level 1. HP: 16/16 MP: 3/3
     8 | D:1      | Reached skill level 1 in Armour
    67 | D:1      | Gained mutation: You sometimes gain a little power by taking damage. [demonic ancestry]
    67 | D:1      | Reached XP level 2. HP: 13/22 MP: 5/5
   224 | D:1      | Learned a level 2 spell: Song of Slaying
   227 | D:1      | Learned a level 2 spell: Shroud of Golubria
   768 | D:1      | Reached skill level 3 in Charms
   834 | D:1      | Gained mutation: A weak demonic guardian rushes to your aid. [demonic ancestry]
   834 | D:1      | Reached XP level 3. HP: 27/27 MP: 6/6
  1788 | D:2      | Killed from afar by a dart slug

Skill      XL: |  1  2 |
---------------+-------+-----
Armour         | 1 2 |  2.4
Long Blades    | 2 |  2.4
Charms         | 3 |  3.1
Fighting       | |  2.0
Dodging        | |  1.7
Spellcasting   | |  2.0

Action                   || total
-------------------------++-------
Melee: Falchion          ||   111
 Cast: Infusion          ||     1
       Shroud of Golubri ||     6
  Use: Potion            ||     1
 Stab: Sleeping          ||     1
  Eat: Chunk             ||     3
Armor: Leather armour    ||    22
Dodge: Dodged            ||    69
       Rpst.: Falchion   ||    18
